 Dungeon Crawl Stone Soup version 0.23.2-1-ga50397a6bc (webtiles) character file.

Game seed: 5753669560032361151

8 Descartes the Ducker (level 2, 0/12 HPs)
             Began as a Felid Transmuter on May 5, 2019.
             Succumbed to a goblin's poison
             ... on level 1 of the Dungeon.
             The game lasted 00:01:03 (657 turns).

Descartes the Ducker (Felid Transmuter)              Turns: 657, Time: 00:01:04

Health: 0/12       AC:  1    Str:  6    XL:     2   Next: 0%
Magic:  5/6        EV: 18    Int: 14    God:
Gold:   0          SH:  0    Dex: 16    Spells: 4/5 levels left
                                        Lives:  0   Deaths: 0

rFire    . . .     SeeInvis +     - Unarmed
rCold    . . .     Gourm    .   (shield unavailable)
rNeg     . . .     Faith    .   (armour unavailable)
rPois    .         Spirit   .   (helmet unavailable)
rElec    .         Reflect  .   (cloak unavailable)
rCorr    .         Harm     .   (gloves unavailable)
MR       .....                  (boots unavailable)
Stlth    ++........             (no amulet)
HPRegen  0.04/turn              (no ring)
MPRegen  0.10/turn              (no ring)

@: lethally poisoned (0 -> -9), appendage (expiring), quick
A: very small, no armour, no weapons or thrown items, stealth, claws 1, fangs 3,
horns 2, see invisible, carnivore, speed 1, shaggy fur 1, slow metabolism 1,
sharp paws
a: End Transformation


You were on level 1 of the Dungeon.
You were very full.
You had grown temporary horns.
You visited 1 branch of the dungeon, and saw 1 of its levels.

Inventory:

Missiles
 a - 23 arrows
Scrolls
 b - 2 scrolls of identify {unknown}
 e - a scroll of noise {unknown}
Potions
 d - a potion of flight {unknown}
 f - a potion of degeneration {unknown}
Comestibles
 c - 3 rations


   Skills:
 - Level 1.0 Fighting
 + Level 3.1 Dodging
 * Level 2.0 Stealth
 - Level 3.0 Unarmed Combat
 - Level 2.0 Spellcasting
 - Level 2.1 Transmutations


You had 4 spell levels left.
You knew the following spells:

 Your Spells              Type           Power        Failure   Level  Hunger
a - Beastly Appendage     Tmut           #.....       10%         1    ##.....

Your spell library contained the following spells:

 Spells                   Type           Power        Failure   Level  Hunger
 Sticks to Snakes         Tmut           #.......     14%         2    ###....
 Spider Form              Tmut/Pois      #.........   41%         3    ####...
 Ice Form                 Ice/Tmut       #.......     83%         4    #####..
 Blade Hands              Tmut           #.........   95%         5    ######.


Dungeon Overview and Level Annotations

Branches:
Dungeon (1/15)

Altars:


Innate Abilities, Weirdness & Mutations

You cannot wear armour.
You are incapable of wielding weapons or throwing items.
Your paws allow you to move quietly. (Stealth)
You have sharp claws.
You have razor-sharp teeth.
You have supernaturally acute eyesight. (SInv)
You are carnivorous and can eat meat at any time.
You cover ground quickly.
You are covered in fur. (AC +1)
You have a slow metabolism.
Your sharp claws are effective at attacking unaware monsters.
You have a pair of horns on your head.


Message History

The goblin is severely wounded.
You feel sick. The goblin misses you.
You miss the goblin. You bite the goblin, but do no damage.
The goblin is severely wounded.
* * * LOW HITPOINT WARNING * * *
You feel sick. The goblin barely misses you.
You scratch the goblin.
You kill the goblin!
Your Stealth skill increases to level 2!
You have reached level 2!
* * * LOW HITPOINT WARNING * * *
You feel sick.
Your transformation is almost over.
You see here a +0 club.
* * * LOW HITPOINT WARNING * * *
You feel sick.
You scratch the hobgoblin.
You bite the hobgoblin, but do no damage.
The hobgoblin is heavily wounded.
You die...

....#...............#
....##.♣............####
#....#####♣.........∩..#
#........##.....♣...##.#
..........##.......###.#
..........#∩......♣##..#
...........###.♣.♣###)##
###.........#######...#
# #.........rr)g@...###
#.........#########
###.........#
...........##
#####.....## # #######


You could see a hobgoblin and 2 rats.

Vanquished Creatures
  A giant cockroach (D:1)
  2 goblins (D:1)
  2 hobgoblins (D:1)
  A bat (D:1)
  2 rats (D:1)
8 creatures vanquished.

Notes
Turn   | Place    | Note
-------+----------+-------------------------------------------
     0 | D:1      | Descartes the Felid Transmuter began the quest for the Orb.
     0 | D:1      | Reached XP level 1. HP: 9/9 MP: 4/4
   108 | D:1      | Reached skill level 1 in Stealth
   653 | D:1      | Reached XP level 2. HP: 3/12 MP: 4/6
   657 | D:1      | Succumbed to a goblin's poison

Skill      XL: |  1 |
---------------+----+-----
Stealth        | 2 |  2.0
Dodging        | 3 |  3.1
Fighting       | |  1.0
Unarmed Combat | |  3.0
Spellcasting   | |  2.0
Transmutations | |  2.1

Action                   || total
-------------------------++-------
Melee: Unarmed           ||    23
       Headbutt          ||     4
       Bite              ||     4
 Cast: Beastly Appendage ||    10
 Stab: Sleeping          ||     1
  Eat: Chunk             ||     6
Armor: Skin              ||     5
Dodge: Dodged            ||    42
